 Dungeon Crawl Stone Soup version 0.21.1-1-g345015f (webtiles) character file.

506 JeffiDaFish the Ducker (level 6, -3/29 HPs)
             Began as a Spriggan Venom Mage on Feb 6, 2018.
             Slain by a gnoll
             ... wielding a +0 spear
              (7 damage)
             ... on level 4 of the Dungeon.
             The game lasted 00:13:44 (4886 turns).

JeffiDaFish the Ducker (Spriggan Venom Mage)        Turns: 4886, Time: 00:13:45

Health: -3/29      AC:  2    Str:  4    XL:     6   Next: 97%
Magic:  14/14      EV: 21    Int: 19    God:
Gold:   117        SH:  0    Dex: 16    Spells: 4/14 levels left

rFire    . . .     SeeInvis +   g - +1 short sword
rCold    . . .     Gourm    .   (shield restricted)
rNeg     + . .     Faith    .   a - +0 robe
rPois    .         Spirit   .   (helmet restricted)
rElec    .         Reflect  .   (no cloak)
rCorr    .         Harm     .   (gloves unavailable)
MR       +....                  (boots unavailable)
Stlth    +++.......             (no amulet)
HPRegen  0.09/turn              f - ring of positive energy
MPRegen  0.14/turn              (no ring)

@: very quick
A: very small, unfitting armour, see invisible, herbivore, speed 3, slow
metabolism 2
a: no special abilities


You were on level 4 of the Dungeon.
You were not hungry.

You visited 1 branch of the dungeon, and saw 4 of its levels.

You collected 117 gold pieces.

Inventory:

Hand Weapons
 g - a +1 short sword (weapon)
Armour
 a - a +0 robe (worn)
Jewellery
 f - a ring of positive energy (left hand)
Scrolls
 e - a scroll of blinking
 h - 3 scrolls of identify
Potions
 d - a potion of flight
Books
 b - a Young Poisoner's Handbook

   Spells                             Type                      Level
   a - Sting                          Conjuration/Poison           1
   b - Poisonous Vapours              Poison/Air                   2
   c - Mephitic Cloud                 Conjuration/Poison/Air       3
   d - Olgreb's Toxic Radiance        Poison                       4
   e - Venom Bolt                     Conjuration/Poison           5
Comestibles
 c - 5 rations


   Skills:
 - Level 0.4 Fighting
 - Level 0.8 Short Blades
 * Level 6.0 Dodging
 + Level 4.8 Stealth
 - Level 0.2 Unarmed Combat
 * Level 4.8 Spellcasting
 + Level 1.6 Conjurations
 + Level 1.8 Air Magic
 + Level 4.2 Poison Magic


You had 4 spell levels left.
You knew the following spells:

 Your Spells              Type           Power        Failure   Level  Hunger
a - Sting                 Conj/Pois      ###.         3%          1    None
b - Poisonous Vapours     Pois/Air       ###...       5%          2    #......
c - Mephitic Cloud        Conj/Pois/Air  ##......     13%         3    ##.....
d - Olgreb's Toxic Radia  Pois           ###.....     22%         4    ####...


Dungeon Overview and Level Annotations

Branches:
Dungeon (4/15)
 Temple: D:4-7

Altars:
Gozag
Makhleb

Annotations:
D:4 Edmund


Innate Abilities, Weirdness & Mutations

You are very small and have problems with some larger weapons.
You are too small for most types of armour.
You have supernaturally acute eyesight. (SInv)
You are a herbivore.
You cover ground extremely quickly.
You need consume almost no food.


Message History

The hound looks more healthy.
The hound misses you. The hound barely misses you.
You hit the hound.
You kill the hound!
Your Dodging skill increases to level 6!
You see here a hound corpse.
You see here a hound corpse.
You start resting.
HP restored.
You start resting.
Magic restored.
There is a stone staircase leading down here.
You climb downwards.
Level annotation: Edmund The gnoll hits you with a halberd!
The gnoll closely misses you. The gnoll completely misses you.
Edmund hits you with a dire flail of protection!
* * * LOW HITPOINT WARNING * * *
The gnoll hits you with a spear!
You die...

...#..........
.....#
##..............
...#
..............#.. ..
###............... #
# .
.................
#.#
..###.#......#......
#.##.#
....................
.....?
.....†)....g@#....(.
..##.#
......[..†.g@g......
..@#
....................
#.## #
..##..#.....###.#.#.
# # #..#)..<.... ..
# .!............ ...
. .##..#....##### #.
.. . ...#....# ...
.#. #.##.# ....
.....


You could see Edmund and 3 gnolls.

Vanquished Creatures
  An ogre (D:3)
  A bullfrog (D:2)
  A scorpion (D:2)
  2 hounds (D:3)
  Natasha (D:4)
  4 adders
  11 gnolls
  3 oozes
  A worm (D:2)
  4 orcs (D:3)
  6 bats
  5 giant cockroaches
  8 goblins
  11 hobgoblins
  4 jackals
  A ball python (D:3)
  A frilled lizard (D:1)
  2 kobolds (D:1)
  10 rats
77 creatures vanquished.

Notes
Turn   | Place    | Note
-------+----------+-------------------------------------------
     0 | D:1      | JeffiDaFish the Spriggan Venom Mage began the quest for the Orb.
     0 | D:1      | Reached XP level 1. HP: 9/9 MP: 5/5
   306 | D:1      | Reached XP level 2. HP: 8/13 MP: 6/6
   814 | D:1      | Learned a level 2 spell: Poisonous Vapours
  1084 | D:1      | Reached XP level 3. HP: 11/17 MP: 5/8
  1900 | D:2      | Noticed a scorpion
  1908 | D:2      | Killed a scorpion
  1908 | D:2      | Reached skill level 4 in Dodging
  1908 | D:2      | Reached XP level 4. HP: 6/21 MP: 1/10
  2172 | D:2      | Reached skill level 1 in Conjurations
  2398 | D:2      | Learned a level 3 spell: Mephitic Cloud
  2403 | D:2      | Learned a level 4 spell: Olgreb's Toxic Radiance
  2531 | D:2      | Reached XP level 5. HP: 25/25 MP: 1/11
  2534 | D:2      | Reached skill level 1 in Air Magic
  2718 | D:2      | Reached skill level 5 in Dodging
  3685 | D:3      | Reached XP level 6. HP: 29/29 MP: 8/13
  3687 | D:3      | Found an opulent altar of Gozag.
  4158 | D:3      | Found a burning altar of Makhleb.
  4582 | D:4      | Noticed Edmund
  4771 | D:4      | Noticed Natasha
  4781 | D:4      | Killed Natasha
  4801 | D:3      | Reached skill level 6 in Dodging
  4886 | D:4      | Slain by a gnoll

Skill      XL: |  1  2  3  4  5  6 |
---------------+-------------------+-----
Spellcasting   | 3 4 |  4.8
Dodging        | 4 5 6 |  6.0
Conjurations   | 1 |  1.6
Air Magic      | 1 |  1.8
Stealth        | 4 |  4.8
Poison Magic   | 4 |  4.2
Fighting       | |  0.4
Short Blades   | |  0.8
Unarmed Combat | |  0.2

Action                   |  1- 3 |  4- 6 || total
-------------------------+-------+-------++-------
Melee: Unarmed           |    15 |       ||    15
       Short sword       |    90 |   117 ||   207
 Cast: Sting             |    15 |       ||    15
       Poisonous Vapours |    18 |    31 ||    49
       Olgreb's Toxic Ra |       |     2 ||     2
       Mephitic Cloud    |       |    14 ||    14
  Use: Scroll            |     5 |     5 ||    10
       Potion            |     6 |     3 ||     9
 Stab: Sleeping          |     2 |     5 ||     7
       Confused          |       |     4 ||     4
  Eat: Ration            |       |     3 ||     3
Armor: Robe              |    10 |     8 ||    18
Dodge: Dodged            |    79 |   130 ||   209
